 Dungeon Crawl Stone Soup version 0.22-a0-448-g1fb7470 (webtiles) character file.

23 xccam the Ruffian (level 2, 0/23 HPs)
             Began as a Draconian Transmuter on June 4, 2018.
             Was a Follower of Cheibriados.
             Slain by a goblin
             ... wielding a +0 club
              (6 damage)
             ... on level 2 of the Dungeon.
             The game lasted 00:01:46 (641 turns).

xccam the Ruffian (Draconian Transmuter)             Turns: 641, Time: 00:01:47

Health: 0/23       AC:  4    Str: 14    XL:     2   Next: 75%
Magic:  5/5        EV: 12    Int: 15    God:    Cheibriados [*.....]
Gold:   67         SH:  0    Dex: 13    Spells: 5/6 levels left

rFire    . . .     SeeInvis .     - Unarmed
rCold    . . .     Gourm    .   (no shield)
rNeg     . . .     Faith    .   (armour unavailable)
rPois    .         Spirit   .   (helmet restricted)
rElec    .         Reflect  .   (no cloak)
rCorr    .         Harm     .   (no gloves)
MR       .....                  (no boots)
Stlth    +.........             (no amulet)
HPRegen  0.07/turn              (no ring)
MPRegen  0.09/turn              (no ring)

@: very slow
A: unfitting armour, cold-blooded, AC +4
a: Bend Time, Renounce Religion


You were on level 2 of the Dungeon.
You worshipped Cheibriados.
Cheibriados was aware of your devotion.
You were not hungry.

You visited 1 branch of the dungeon, and saw 2 of its levels.

You collected 67 gold pieces.

Inventory:

Missiles
 a - 12 arrows
Scrolls
 b - 3 scrolls of identify {unknown}
 e - a scroll of fog {unknown}
 f - a scroll of remove curse {unknown}
Potions
 d - 2 potions of flight {unknown}
 h - a potion of heal wounds {unknown}
Comestibles
 c - 3 rations


   Skills:
 - Level 1.1 Fighting
 - Level 1.7 Dodging
 + Level 3.2 Unarmed Combat
 * Level 2.5 Spellcasting
 * Level 2.6 Transmutations


You had 5 spell levels left.
You knew the following spells:

 Your Spells              Type           Power        Failure   Level  Hunger
a - Beastly Appendage     Tmut           #.....       8%          1    #......

Your spell library contained the following spells:

 Spells                   Type           Power        Failure   Level  Hunger
 Spider Form              Tmut/Pois      #.........   36%         3    ###....
 Blade Hands              Tmut           #.........   90%         5    ######.
 Ice Form                 Ice/Tmut       #.......     77%         4    #####..
 Sticks to Snakes         Tmut           #.......     11%         2    ###....


Dungeon Overview and Level Annotations

Branches:
Dungeon (2/15)

Altars:
Cheibriados
Trog


Innate Abilities, Weirdness & Mutations

Your plain brown scales are hard. (AC +4)
You cannot fit into any form of body armour.
You are cold-blooded and may be slowed by cold attacks.


Message History

The worm is heavily wounded.
You hit the worm.
The worm is almost dead.
The worm bites you!
* * * LOW HITPOINT WARNING * * *
You are too injured to fight recklessly!
You are too injured to fight recklessly!
You hit the worm.
The worm is almost dead.
The worm closely misses you.
You barely miss the worm. You claw the worm, but do no damage.
The worm is severely wounded.
Your transformation is almost over.
The goblin shouts!
You aren't carrying any items that you can evoke.
Your talons disappear.
You hit the goblin.
Your tail-slap misses the goblin.
The goblin is severely wounded.
The goblin hits you with a club.
You die...

#####.##.......#..###..#
#.........#..###..# ...
#.........##.###..###..
#........................
#............##...>.##...
#.....>..w[...#.###..#
#####.........._.. #.#
#.....g...#.#. .#
#.....@...#.#.. .
#.........#.. .. ..
#.........##.....
#.........# #.......รท.#
#.........# #.........#
##.......## ##.....##


You could see a worm and a goblin.

Vanquished Creatures
  A dart slug (D:2)
  A ball python (D:2)
  A bat (D:1)
  2 giant cockroaches (D:2)
  2 hobgoblins (D:1)
  2 kobolds (D:1)
  A quokka (D:2)
  2 frilled lizards (D:1)
  4 goblins (D:1)
  4 rats
20 creatures vanquished.

Notes
Turn   | Place    | Note
-------+----------+-------------------------------------------
     0 | D:1      | xccam the Draconian Transmuter began the quest for the Orb.
     0 | D:1      | Reached XP level 1. HP: 16/16 MP: 3/3
   307 | D:1      | Reached XP level 2. HP: 16/23 MP: 5/5
   398 | D:1      | You fall through a shaft!
   398 | D:2      | Found a bloodstained altar of Trog.
   422 | D:2      | Found a faded altar of an unknown god.
   605 | D:2      | Became a worshipper of Cheibriados the Contemplative
   605 | D:2      | Reached * piety under Cheibriados
   641 | D:2      | Slain by a goblin

Vault maps used:
D:1:      roderic_crop_circles_arrival_small
D:2:      lemuel_crystal_altar, chequers_ecumenical_altar_simple_redux,
          uniq_crazy_yiuf_cottage

Action                   || total
-------------------------++-------
Melee: Unarmed           ||    68
       Punch             ||     3
       Tailslap          ||     2
       Kick              ||     5
 Cast: Beastly Appendage ||     4
Armor: Skin              ||    13
Dodge: Dodged            ||    35

Table legend:
 A = Spawn XP
 B = Non-spawn XP
 C = Spawn XP percentage of total XP
 D = Spawn monster count
 E = Non-spawn monster count
 F = Spawn count percentage of total count
 G = Total turns spent on level
                    A         B        C        D         E        F      G
               +---------+---------+-------+---------+---------+-------+---------
         Total |       0 |      34 |   0.0 |       0 |      20 |   0.0 |   641
               +---------+---------+-------+---------+---------+-------+---------
           D:1 |       0 |      19 |   0.0 |       0 |      12 |   0.0 |   398
           D:2 |       0 |      15 |   0.0 |       0 |       8 |   0.0 |   243
               +---------+---------+-------+---------+---------+-------+---------
